Map: Ever Dream LE

Players

Reynor

  • Race: Zerg Zerg
  • Spawn Location: 1:00

Serral - Winner!

  • Race: Zerg Zerg
  • Spawn Location: 7:00

Event: StayAtHomestory Cup #2

VOD

Have the link to the VOD?

Description

Time

  • Played on: June 12, 2020, 1:06 p.m.
  • Length: 12:06

All games in this series

Show
View Real Time Build Order
Export as new Build Order

Reynor Zerg 

Build Orders: Hatch First 

Get SALT Encoding   

  12  0:00  Drone  
  13  0:13  Overlord  
  13  0:17  Drone  
  14  0:31  Drone x2  
  16  0:47  Hatchery  
  15  0:51  Drone  
  15  0:55  Drone  
  17  0:59  Drone  
  17  1:02  Extractor  
  17  1:14  Spawning Pool  
  17  1:17  Drone  
  17  1:21  Drone  
  18  1:28  Drone  
  19  1:39  Drone  
  20  1:50  Drone  
  21  2:01  Queen x2  
  21  2:02  Drone x2  
  21  2:05  Metabolic Boost  
  27  2:11  Overlord  
  27  2:14  Zergling x2  
  28  2:26  Extractor, Drone  
  28  2:29  Drone  
  30  2:35  Hatchery  
  29  2:40  Drone x2  
  29  2:44  Overlord  
  31  2:46  Zergling x2  
  32  2:54  Zergling x4  
  34  3:00  Baneling Nest  
  34  3:04  Zergling x2  
  34  3:05  Zergling x2  
  34  3:09  Zergling x8  
  34  3:11  Drone  
  34  3:12  Zergling x2  
  41  3:18  Overlord  
  41  3:22  Drone  
  42  3:30  Drone x2  
  44  3:35  Queen  
  44  3:38  Drone  
  44  3:41  Zergling x4  
  49  3:43  Overlord  
  49  3:53  Drone x3  
  50  4:03  Drone x3  
  50  4:04  Drone x2  
  50  4:06  Evolution Chamber  
  54  4:10  Drone x2  
  54  4:14  Drone  
  54  4:15  Drone  
  57  4:18  Baneling  
  57  4:20  Drone  
  57  4:21  Extractor  
  57  4:22  Extractor  
  57  4:24  Drone, Roach Warren  
  57  4:25  Drone  
  57  4:31  Drone  
  58  4:35  Zerg Missile Weapons Level 1, Overlord  
  58  4:36  Drone x2  
  58  4:37  Drone  
  61  4:41  Overlord, Lair  
  60  4:46  Drone x2  
  60  4:47  Drone x2  
  64  4:57  Drone x3  
  64  4:58  Overlord  
  64  4:59  Drone x2  
  69  5:05  Drone x4  
  74  5:07  Extractor, Drone  
  74  5:08  Extractor  
  74  5:09  Overlord  
  74  5:11  Drone  
  73  5:22  Drone x6  
  73  5:23  Pneumatized Carapace  
  73  5:24  Extractor, Drone  
  73  5:26  Drone  
  79  5:33  Drone x3  
  82  5:37  Drone x2  
  82  5:39  Glial Reconstitution  
  84  5:43  Evolution Chamber  
  84  5:45  Overseer  
  84  5:46  Baneling  
  84  5:48  Baneling, Hatchery  
  82  5:51  Zergling x8  
  82  5:53  Overlord  
  86  5:59  Zergling x2  
  86  6:00  Zergling x6  
  86  6:03  Zergling x6  
  91  6:05  Zergling x2  
  91  6:07  Zergling x4  
  91  6:10  Zergling x4  
  93  6:14  Zerg Ground Armor Level 1  
  93  6:19  Zergling x8  
  93  6:23  Overlord  
  96  6:31  Zerg Missile Weapons Level 2  
  92  6:36  Roach  
  92  6:37  Roach x6  
  102  6:43  Roach x4  
  102  6:44  Drone x3  
  102  6:45  Drone  
  114  6:49  Overlord  
  114  6:52  Overlord  
  114  7:04  Roach x3  
  114  7:08  Roach x3, Queen, Unknown  
  123  7:10  Ravager x2  
  123  7:11  Overlord, Ravager x2  
  123  7:13  Roach  
  133  7:18  Roach  
  133  7:20  Overlord  
  133  7:22  Overlord  
  135  7:26  Overlord  
  135  7:30  Roach x4  
  135  7:36  Overlord  
  139  7:41  Roach x7  
  148  7:47  Roach x6  
  158  7:53  Ravager  
  158  7:54  Queen, Overlord  
  158  7:57  Ravager x3  
  164  7:59  Roach  
  164  8:01  Overlord  
  166  8:06  Overlord  
  166  8:09  Overlord  
  166  8:11  Ravager  
  167  8:13  Roach x4  
  167  8:14  Overlord  
  167  8:18  Overseer x2  
  175  8:20  Overseer  
  175  8:22  Queen  
  175  8:24  Overseer  
  174  8:27  Roach x3  
  179  8:35  Roach x4  
  183  8:47  Roach x6  
  180  8:54  Roach x2  
  180  8:55  Roach  
  161  9:02  Roach x3  
  162  9:03  Roach  
  149  9:10  Roach x2  
  140  9:19  Ravager  
  140  9:20  Roach  
  140  9:21  Roach x3  
  147  9:27  Roach x3  
  147  9:30  Roach  
  155  9:34  Roach x2  
  155  9:38  Roach x2  
  158  9:47  Roach x4  
  158  9:52  Roach x3  
  170  9:54  Ravager x3  
  173  10:00  Roach x2  
  173  10:05  Roach x2  
  179  10:09  Roach x2  
  183  10:14  Roach x3  
  183  10:16  Ravager  
  183  10:18  Ravager  
  183  10:19  Roach  
  193  10:26  Roach  
  193  10:27  Roach x2  
  171  10:43  Roach x2  
  171  10:44  Roach x7  
  166  10:55  Roach x5  
  164  11:00  Ravager x3  
  164  11:01  Ravager  
  164  11:02  Roach x2  
  168  11:08  Roach x3  
  174  11:14  Roach x2  
  175  11:23  Roach x4  
  156  11:26  Roach x2  
  156  11:31  Roach  
  156  11:32  Roach  
  135  11:35  Roach x2  
  135  11:39  Roach  
  131  11:41  Roach  
  131  11:42  Roach  
  131  11:46  Roach x2  
Show
View Real Time Build Order
Export as new Build Order

Serral Zerg - Winner!

Build Orders: Hatch First 

Get SALT Encoding   

  12  0:00  Drone  
  13  0:13  Overlord  
  13  0:16  Drone  
  14  0:31  Drone x2  
  16  0:48  Hatchery  
  15  0:51  Drone  
  15  0:55  Drone  
  17  0:58  Drone  
  18  1:08  Extractor  
  17  1:13  Spawning Pool  
  17  1:16  Drone  
  17  1:20  Drone  
  18  1:28  Drone  
  19  1:39  Drone  
  20  1:50  Drone  
  21  1:59  Queen x2  
  21  2:00  Overlord  
  25  2:02  Zergling x2  
  26  2:08  Metabolic Boost  
  26  2:11  Drone  
  26  2:14  Drone  
  28  2:22  Drone x2  
  30  2:37  Hatchery  
  30  2:39  Drone  
  30  2:41  Drone  
  31  2:48  Drone, Baneling Nest  
  31  2:52  Overlord  
  31  2:55  Zergling x2  
  32  3:01  Drone  
  32  3:04  Zergling x2  
  34  3:08  Drone x2  
  34  3:11  Drone x3  
  39  3:13  Drone  
  39  3:18  Overlord  
  40  3:21  Zergling x2  
  40  3:22  Zergling x2  
  41  3:29  Queen  
  41  3:31  Baneling x2  
  43  3:35  Baneling  
  43  3:41  Extractor  
  43  3:42  Zergling x6  
  43  3:43  Evolution Chamber  
  43  3:45  Drone x2  
  46  3:49  Drone x2  
  46  3:51  Drone  
  49  3:58  Drone  
  50  4:06  Zergling x2, Roach Warren  
  50  4:07  Drone x2  
  52  4:10  Overlord  
  52  4:11  Drone  
  52  4:12  Overlord  
  52  4:15  Zergling x2  
  53  4:20  Overlord  
  53  4:21  Drone x2  
  55  4:24  Zerg Missile Weapons Level 1  
  55  4:27  Drone  
  55  4:28  Drone  
  57  4:33  Lair  
  57  4:34  Drone  
  57  4:36  Drone  
  59  4:40  Drone  
  59  4:41  Drone x2  
  59  4:43  Drone  
  63  4:45  Drone  
  63  4:50  Drone x2  
  63  4:51  Drone x2  
  67  4:55  Pneumatized Carapace  
  67  4:56  Overlord  
  67  5:00  Extractor x2, Drone  
  67  5:01  Drone  
  67  5:02  Overlord  
  67  5:03  Drone  
  68  5:10  Overlord  
  68  5:16  Drone x2  
  68  5:17  Drone  
  68  5:19  Drone  
  68  5:20  Drone x3  
  74  5:23  Extractor  
  74  5:24  Extractor, Drone x2  
  74  5:26  Drone x2  
  74  5:27  Overlord  
  77  5:28  Drone  
  77  5:31  Glial Reconstitution  
  77  5:32  Overlord  
  77  5:33  Drone x3  
  77  5:35  Overseer  
  80  5:36  Drone  
  81  5:45  Zergling x6  
  81  5:48  Hatchery  
  81  5:49  Roach x2  
  87  5:54  Overlord  
  87  5:55  Evolution Chamber  
  87  5:57  Roach x2  
  88  5:59  Overlord  
  88  6:01  Roach  
  91  6:08  Roach x4  
  98  6:14  Overlord x2  
  98  6:16  Overseer  
  98  6:19  Zerg Missile Weapons Level 2  
  98  6:20  Roach x2  
  101  6:32  Ravager x2  
  100  6:34  Roach x4  
  100  6:37  Roach x4  
  108  6:44  Drone x3  
  108  6:45  Drone  
  108  6:46  Zerg Ground Armor Level 1, Overseer  
  112  6:48  Roach x3  
  112  6:53  Tunneling Claws  
  118  6:54  Overlord, Burrow, Unknown  
  118  6:55  Baneling  
  118  6:58  Roach  
  118  7:00  Roach  
  118  7:01  Roach  
  123  7:05  Roach  
  125  7:10  Roach x2  
  125  7:13  Queen  
  125  7:14  Roach x2  
  125  7:15  Roach x2  
  139  7:23  Roach x5  
  139  7:27  Overlord  
  139  7:28  Overlord  
  139  7:29  Overlord  
  149  7:36  Roach x3  
  149  7:37  Roach  
  156  7:41  Ravager  
  156  7:42  Ravager  
  156  7:49  Roach x6  
  168  7:52  Roach x2  
  168  7:57  Overlord  
  172  7:59  Roach x3  
  172  8:04  Roach  
  172  8:05  Roach x3  
  186  8:11  Roach x2  
  190  8:13  Roach x3  
  190  8:14  Roach x2  
  190  8:18  Ravager x2  
  192  8:20  Ravager x3  
  192  8:24  Roach  
  192  8:25  Roach x2, Infestation Pit  
  196  8:27  Roach x3  
  192  8:41  Roach x4  
  188  8:50  Roach x2  
  188  8:51  Roach x7  
  196  9:00  Roach x3  
  196  9:02  Roach x2  
  186  9:12  Roach x4  
  186  9:13  Roach x36, Hive  
  191  9:22  Roach  
  191  9:23  Roach  
  187  9:26  Queen  
  187  9:27  Roach x3  
  187  9:28  Roach x3  
  195  9:36  Roach x3  
  198  9:43  Overlord x3  
  198  9:44  Hatchery  
  198  9:45  Overlord  
  185  9:51  Ravager x2  
  185  9:52  Ravager x6  
  181  9:55  Roach x5  
  181  9:58  Roach  
  191  10:01  Roach x3  
  191  10:02  Roach x4  
  199  10:09  Roach  
  197  10:16  Roach x3  
  197  10:29  Roach x2  
  195  10:35  Roach x2  
  195  10:36  Roach x4  
  195  10:37  Roach  
  195  10:38  Roach  
  183  10:44  Roach x5  
  183  10:45  Roach  
  183  10:48  Roach x8  
  183  10:49  Roach  
  184  10:53  Roach x3  
  180  10:59  Roach x4  
  184  11:05  Ravager  
  184  11:08  Roach  
  184  11:09  Roach x4  
  190  11:22  Roach x8  
  180  11:29  Roach x3  
  155  11:35  Roach x3  
  148  11:40  Roach x11  
  148  11:42  Roach x4  
  148  11:45  Roach x2  
Tags
 
Add a new tag
Caveats
  • Supply blocks, unpowered buildings, or Contaminate may cause inaccurate times.
  • Supply counts are checked every 10 seconds.